 Dungeon Crawl Stone Soup version 0.22.1-5-g62c59d9 (webtiles) character file.

109 errolflynn the Chopper (level 4, -7/41 HPs)
             Began as a Minotaur Berserker on Jan 8, 2019.
             Was a Believer of Trog.
             Mangled by a gnoll
             ... wielding a +0 halberd
              (9 damage)
             ... on level 4 of the Dungeon.
             The game lasted 00:17:36 (2036 turns).

errolflynn the Chopper (Minotaur Berserker)         Turns: 2036, Time: 00:17:37

Health: -7/41      AC:  3    Str: 22    XL:     4   Next: 59%
Magic:  3/3        EV: 12    Int:  4    God:    Trog [**....]
Gold:   107        SH:  0    Dex: 10    Spells: 3/3 levels left

rFire    . . .     SeeInvis .   a - +0 hand axe
rCold    . . .     Gourm    .   (no shield)
rNeg     . . .     Faith    .   j - +0 leather armour (curse)
rPois    .         Spirit   .   (helmet restricted)
rElec    .         Reflect  .   (no cloak)
rCorr    .         Harm     .   (no gloves)
MR       .....                  (no boots)
Stlth    +.........             (no amulet)
HPRegen  0.13/turn              q - ring of wizardry
MPRegen  0.08/turn              (no ring)

@: no status effects
A: retaliatory headbutt, horns 2
a: Berserk, Trog's Hand, Renounce Religion


You were on level 4 of the Dungeon.
You worshipped Trog.
Trog was pleased with you.
You were not hungry.

You visited 1 branch of the dungeon, and saw 4 of its levels.

You collected 107 gold pieces.

Inventory:

Hand Weapons
 a - a +0 hand axe (weapon)
Missiles
 n - 26 stones (quivered)
 p - 24 poisoned needles
 u - 6 needles of confusion
 v - 4 javelins
 w - 14 arrows
Armour
 b - a +0 animal skin
 j - a cursed +0 leather armour (worn)
 r - a +0 scale mail
 y - a +0 scale mail
Jewellery
 q - a ring of wizardry (left hand)
Wands
 A - a wand of iceblast (14)
Scrolls
 d - a scroll of magic mapping
 e - a scroll of teleportation
 g - a scroll of noise {unknown}
 i - a scroll of immolation {unknown}
 k - a scroll of fear
 l - a scroll of blinking {unknown}
 m - a scroll of enchant weapon {unknown}
 s - a scroll of identify
 t - a scroll of remove curse {unknown}
Potions
 f - a potion of curing {unknown}
 h - a potion of resistance {unknown}
 o - a potion of haste {unknown}
 x - a potion of heal wounds {unknown}
 z - a potion of flight {unknown}
Comestibles
 c - 2 rations


   Skills:
 + Level 4.5 Fighting
 + Level 5.0 Axes
 + Level 3.0 Armour
 + Level 2.7 Dodging
 + Level 0.8 Stealth


You had 3 spell levels left.
You didn't know any spells.
Your spell library was empty.

Dungeon Overview and Level Annotations

Branches:
Dungeon (4/15)
 Temple: D:4-7

Altars:


Innate Abilities, Weirdness & Mutations

You reflexively headbutt those who attack you in melee.
You have a pair of horns on your head.


Message History

There is a stone staircase leading up here.
The gnoll hits you.
You hit the gnoll but do no damage. The gnoll closely misses you.
The gnoll barely misses you.
You hit the gnoll. Your headbutt misses the gnoll.
The gnoll is lightly wounded.
The gnoll barely misses you. The gnoll hits you.
The gnoll hits you from afar with a halberd.
* * * LOW HITPOINT WARNING * * *
You slash the gnoll! You headbutt the gnoll.
You kill the gnoll!
Trog accepts your kill.
Your Axes skill increases to level 5!
Your Armour skill increases to level 3!
The gnoll closely misses you.
The gnoll hits you from afar with a halberd.
* * * LOW HITPOINT WARNING * * *
The gnoll hits you with a halberd.
* * * LOW HITPOINT WARNING * * *
The gnoll hits you with a halberd!
You die...

#.........
#........
#.... ..
#...# .#
#...##.#
#.<....#
#......#
#..gg..#
#...@..#
#......#
#......#
#......#
#......#
#........
#........#
#........#
#........#


You could see 2 gnolls.

Vanquished Creatures
  5 adders (D:2)
  A gnoll (D:4)
  An ooze (D:3)
  A worm (D:3)
  5 dart slugs
  2 leopard geckos
  A giant cockroach (D:2)
  3 goblins (D:2)
  3 hobgoblins
  3 jackals (D:2)
  2 quokkas (D:2)
  3 bats (D:2)
  3 frilled lizards (D:2)
  4 kobolds
  3 rats
40 creatures vanquished.

Notes
Turn   | Place    | Note
-------+----------+-------------------------------------------
     0 | D:1      | errolflynn the Minotaur Berserker began the quest for the
                  | Orb.
     0 | D:1      | Reached XP level 1. HP: 19/19 MP: 0/0
   823 | D:1      | Reached XP level 2. HP: 27/27 MP: 1/1
  1178 | D:2      | Reached skill level 4 in Axes
  1309 | D:2      | Reached XP level 3. HP: 31/33 MP: 2/2
  1651 | D:2      | Reached XP level 4. HP: 40/41 MP: 3/3
  1652 | D:2      | Reached ** piety under Trog
  2035 | D:4      | Reached skill level 5 in Axes
  2036 | D:4      | HP: 2/41 [gnoll/halberd (5)]
  2036 | D:4      | Mangled by a gnoll

Skill      XL: |  1  2  3  4 |
---------------+-------------+-----
Fighting       | 4 |  4.5
Axes           | 4 5 |  5.0
Armour         | 3 |  3.0
Dodging        | |  2.7
Stealth        | |  0.8

Action                   |  1- 3 |  4- 6 || total
-------------------------+-------+-------++-------
Melee: Hand axe          |    43 |    34 ||    77
       Headbutt          |    11 |     6 ||    17
  Use: Scroll            |     2 |     1 ||     3
  Eat: Ration            |     1 |       ||     1
Armor: Animal skin       |     3 |       ||     3
       Leather armour    |    14 |     3 ||    17
Dodge: Dodged            |    48 |    25 ||    73
